 Dungeon Crawl Stone Soup version 0.21-a0-104-g7b58145 (webtiles) character file.

113096 Ordine the Bludgeoner (level 16, -28/101 HPs)
             Began as a Gargoyle Fighter on July 6, 2017.
             Was an Initiate of Gozag.
             Killed from afar by Roxanne (46 damage)
             ... with a crystal spear
             ... on level 1 of the Swamp.
             The game lasted 01:23:00 (28218 turns).

Ordine the Bludgeoner (Gargoyle Fighter)           Turns: 28218, Time: 01:23:00

Health: -28/101    AC: 55    Str: 17    XL:     16   Next: 62%
Magic:  0/31       EV:  9    Int: 11    God:    Gozag
Gold:   220        SH: 13    Dex: 13    Spells: 14/15 levels left

rFire    + + .     SeeInvis .   v - +3 morningstar (protect)
rCold    + + +     Gourm    .   c - +0 shield
rNeg     + . .     Faith    .   V - +12 plate armour of Recklessness {rElec rF+ MP+9}
rPois    ∞         Spirit   +   g - +0 helmet
rElec    +         Reflect  .   R - +0 cloak {+Inv}
rCorr    +         Harm     .   O - +2 pair of gloves {archery}
MR       +++++                  B - +2 pair of boots
Stlth    ..........             W - amulet of guardian spirit
HPRegen  0.26/turn              I - ring of protection from magic
MPRegen  0.22/turn              T - ring "Deagir" {rC+++ MR+++ Str-4 Stlth+}

@: resistant, protection aura, flying
A: big wings, negative energy resistance 1, electricity resistance, unbreathing,
petrification resistance, rot immunity, AC +11
a: Stop Flying, Potion Petition, Call Merchant, Bribe Branch, Renounce Religion,
Evoke Invisibility


You were on level 1 of the Swamp.
You worshipped Gozag.
Gozag was aware of your devotion.
You were not hungry.

You visited 5 branches of the dungeon, and saw 25 of its levels.
You also visited: Bailey and Ice Cave.

You collected 9562 gold pieces.
You spent 4149 gold pieces at shops.
You paid 5193 gold pieces to Gozag.

Inventory:

Hand Weapons
 v - a +3 morningstar of protection (weapon)
Armour
 c - a +0 shield (worn)
 g - a +0 helmet (worn)
 B - a +2 pair of boots (worn)
 K - a +1 cloak of magic resistance
 O - a +2 pair of gloves of archery (worn)
 R - a +0 cloak of invisibility (worn)
 V - the +12 plate armour of Recklessness (worn) {rElec rF+ MP+9}
   (You bought it in a shop on level 1 of the Lair of Beasts)

   It protects you from fire.
   It insulates you from electricity.
   It affects your magic capacity (+9).
Jewellery
 E - an uncursed amulet of the gourmand
 G - an uncursed ring of resist corrosion
 I - a ring of protection from magic (left hand)
 T - the ring "Deagir" (right hand) {rC+++ MR+++ Str-4 Stlth+}
   (You bought it in a shop on level 2 of the Orcish Mines)

   [ring of stealth]

   It affects your strength (-4).
   It renders you almost immune to cold.
   It affects your resistance to hostile enchantments.
   It makes you more stealthy.
 W - an amulet of guardian spirit (around neck)
Wands
 j - a wand of iceblast (8/15)
 p - a wand of acid (6/15)
 r - a wand of lightning (5/15)
 A - a wand of flame (26/48)
 D - a wand of disintegration (13/24)
 L - a wand of confusion (20/48)
 P - a wand of digging (12/24)
 Q - a wand of paralysis (4/24)
Scrolls
 b - 2 scrolls of fear
 k - 2 scrolls of amnesia
 l - a scroll of fog
 m - a scroll of identify
 t - 4 scrolls of enchant weapon
 w - 4 scrolls of recharging
 z - 5 scrolls of remove curse
 H - 11 scrolls of teleportation
 M - a scroll of silence
 U - a scroll of blinking
Potions
 d - 3 potions of might
 e - 9 potions of brilliance
 h - 3 potions of resistance
 o - 2 potions of haste
 q - 4 potions of ambrosia
 s - a potion of magic
 u - 2 potions of agility
 x - 5 potions of lignification
 C - 3 potions of mutation
 J - 2 potions of cancellation
 N - 4 potions of curing
Books
 y - a book of Summonings

   Spells                             Type                      Level
   a - Recall                         Summoning/Translocation      3
   b - Aura of Abjuration             Summoning                    5
   c - Summon Demon                   Summoning                    5
   d - Summon Forest                  Summoning/Translocation      5
   e - Summon Mana Viper              Hexes/Summoning              5
   f - Shadow Creatures               Summoning                    6
 F - a book of the Sky

   Spells                             Type                      Level
   a - Summon Lightning Spire         Summoning/Air                4
   b - Silence                        Hexes/Air                    5
   c - Deflect Missiles               Charms/Air                   6
   d - Conjure Ball Lightning         Conjuration/Air              6
   e - Tornado                        Air                          9
Miscellaneous
 S - a fan of gales
Comestibles
 a - 16 royal jellies
 f - 14 bread rations
 i - 2 meat rations
 n - 17 fruits


   Skills:
 + Level 11.8 Fighting
 - Level 16.0 Maces & Flails
 + Level 10.9 Armour
 + Level 7.8 Dodging
 - Level 15.0 Shields
 - Level 6.0 Translocations
 * Level 8.8 Evocations


You had 14 spell levels left.
You knew the following spells:

 Your Spells              Type           Power        Failure   Level  Hunger
a - Apportation           Tloc           ##....       58%         1    ##.....


Dungeon Overview and Level Annotations

Branches:
Dungeon (15/15)            Temple (1/1) D:7            Lair (6/6) D:11
  Swamp (1/4) Lair:2        Snake (0/4) Lair:3        Slime (0/5) Lair:6
    Orc (2/2) D:12            Elf (0/3) Orc:2        Vaults (0/5) D:14
 Depths (0/5) D:15

Altars:
Ashenzari
Cheibriados
Dithmenos
Elyvilon
Fedhas
Gozag
Hepliaklqana
Kikubaaqudgha
Makhleb
Nemelex Xobeh
Okawaru
Qazlal
Ru
Sif Muna
Trog
Uskayaw
Vehumet
Wu Jian
Xom
Yredelemnul
Zin
The Shining One

Shops:
D:9 (   D:10 }   D:14 (   Orc:1 (   Orc:2 (*[=   Lair:1 [[

Annotations:
D:9 2 transporters
D:15 1 runed door
Swamp:1 exclusion: Roxanne, Roxanne


Innate Abilities, Weirdness & Mutations

You are resistant to torment.
Your stone body is resilient. (AC +11)
You are immune to poison.
Your large and strong wings let you fly indefinitely.
You resist negative energy. (rN+)
You are resistant to electric shocks. (rElec)
You can survive without breathing.
You are immune to petrification.
You are immune to rotting.


Message History

Roxanne is almost destroyed.
You hit Roxanne but do no damage.
Roxanne is almost destroyed.
Roxanne casts a spell.
The bolt of magma hits you!
You hit Roxanne but do no damage.
Roxanne is almost destroyed.
You hit Roxanne.
Roxanne is almost destroyed.
Roxanne casts a spell.
The orb of energy hits you!
The orb of energy explodes!
Unknown command.
You hit Roxanne.
Roxanne is almost destroyed.
You completely miss Roxanne.
Roxanne is almost destroyed.
Roxanne casts a spell.
The crystal spear hits you!
You die...
Your body crumbles into a pile of gold.

≈ ♣♣♣ ≈≈ ♣♣♣♣♣♣♣..♣ ≈≈
♣♣≈.......♣♣♣ ≈≈
♣≈.≈≈≈≈....≈♣♣ ♣..
♣♣....≈≈≈≈≈≈≈.♣ ♣♣...
♣≈..8.≈≈≈≈≈≈≈.♣♣♣≈.≈♣
♣♣≈.@....≈≈≈≈.♣≈...♣♣
♣≈≈≈§≈.$)♣♣.....(§♣♣♣
♣♣.≈≈≈≈...♣♣♣..≈≈♣♣≈≈.
♣≈≈≈≈≈≈≈≈.♣♣♣.≈≈≈♣♣♣..
♣.≈≈≈≈≈≈...≈♣♣.≈..♣..≈
♣.≈≈≈≈≈≈≈...♣♣♣♣♣♣...≈
♣♣...≈≈≈≈...♣♣≈....≈≈≈
♣≈...≈≈≈≈..§♣......≈≈
♣.≈≈≈.≈≈≈...♣...≈♣..≈


You could see Roxanne.

Vanquished Creatures
  Gastronok (D:9)
  An orc warlord (Orc:1)
  A stone giant (Orc:1)
  Nessos (D:13)
  Azrael (D:15)
  An ettin (Orc:2)
  The ghost of MirrMurr the Cleaver, a journeyman HOFi of Trog (D:11)
  11 hydras
  An ogre mage (D:15)
  3 catoblepae
  Harold (D:11)
  2 ice dragons (IceCv)
  3 centaur warriors
  Erica (D:11)
  An alligator (shapeshifter) (D:15)
  The ghost of Ordine the Cleaver, a novice DDFi of Makhleb (D:10)
  12 two-headed ogres
  A deep troll shaman (Lair:6)
  12 death yaks
  A tengu warrior (D:15)
  6 orc high priests
  Urug (D:10)
  Sonja (D:15)
  4 unseen horrors
  2 swamp dragons
  A wizard (D:15)
  4 deep elf magi
  4 orc sorcerers
  9 ugly things
  A wolf spider zombie (D:13)
  3 orc knights
  A cyclops (D:15)
  A manticore (D:11)
  7 elephants
  5 torpor snails (Lair:6)
  An eye of devastation (Lair:6)
  13 spiny frogs
  2 ice statues (IceCv)
  2 black mambas
  4 centaur skeletons
  10 komodo dragons
  8 rime drakes
  2 tengu conjurers (D:15)
  3 polar bears (Lair:6)
  6 hornets
  11 trolls
  A tyrant leech (Swamp:1)
  A bog body (Swamp:1)
  7 blink frogs
  9 slime creatures
  15 hippogriffs
  2 shadows
  A vampire (D:12)
  A spriggan (Swamp:1)
  A wraith (D:13)
  5 fire elementals
  Grum (D:10)
  A steam dragon (D:7)
  4 hungry ghosts
  5 vampire mosquitoes
  A basilisk (Lair:2)
  43 yaks
  3 wargs
  4 insubstantial wisps (Swamp:1)
  4 nagas (Lair:3)
  9 swamp worms
  2 acid dragons
  3 soldier ants
  2 hell hounds (D:15)
  4 porcupines
  13 water moccasins
  3 swamp drakes (Swamp:1)
  5 sky beasts
  2 black bears
  18 ice beasts
  30 orc warriors
  2 eyes of draining
  12 ogres
  4 necrophages (Swamp:1)
  3 phantoms
  12 wolves
  22 centaurs
  6 crocodiles
  4 big kobolds
  16 bullfrogs
  A wyvern skeleton (D:8)
  6 scorpions
  10 wights
  11 killer bees
  3 howler monkeys
  3 electric eels
  2 crimson imps
  4 centaur zombies
  A jelly (D:12)
  A quasit (D:7)
  3 hounds
  Crazy Yiuf (D:7)
  2 bullfrog zombies
  25 orc priests
  24 orc wizards
  2 bullfrog skeletons
  6 iguanas
  Natasha (thrice) (D:4)
  5 worker ants
  A killer bee zombie (D:8)
  A hound skeleton (D:11)
  A worker ant zombie (D:9)
  Robin (D:2)
  A howler monkey skeleton (D:8)
  8 adders
  7 gnolls
  3 shadow imps
  3 adder skeletons (D:4)
  3 adder zombies
  3 worms
  6 leopard geckos
  97 orcs
  A ball python (D:3)
  A giant cockroach (D:4)
  17 goblins
  12 hobgoblins
  4 jackals (D:3)
  20 kobolds
  5 quokkas
  5 bats
  3 frilled lizards
  A leopard gecko zombie (D:9)
  A quokka skeleton (D:4)
  6 rats
774 creatures vanquished.

Vanquished Creatures (others)
  A hydra (D:15)
  2 dancing weapons (D:14)
  A centaur skeleton (D:15)
  A spriggan (Swamp:1)
  A wyvern (Lair:6)
  A bullfrog (Lair:5)
  A killer bee (D:13)
  An orc (D:11)
  A goblin (Bailey)
  13 fungi
  15 plants
38 creatures vanquished.

Grand Total: 812 creatures vanquished

Notes
Turn   | Place    | Note
-------+----------+-------------------------------------------
     0 | D:1      | Ordine the Gargoyle Fighter began the quest for the Orb.
     0 | D:1      | Reached XP level 1. HP: 14/14 MP: 1/1
   364 | D:1      | Reached XP level 2. HP: 19/19 MP: 2/2
   381 | D:1      | You fall through a shaft!
   825 | D:1      | Reached skill level 3 in Maces & Flails
   929 | D:2      | Noticed Robin
   946 | D:2      | Reached XP level 3. HP: 13/23 MP: 3/3
  1099 | D:2      | Killed Robin
  1658 | D:3      | Reached XP level 4. HP: 27/28 MP: 4/4
  1740 | D:3      | Reached skill level 4 in Maces & Flails
  2000 | D:3      | Reached XP level 5. HP: 32/32 MP: 5/5
  2064 | D:3      | Found a stormy altar of Qazlal.
  2064 | D:3      | Found a hazy altar of Hepliaklqana.
  2069 | D:3      | Found an opulent altar of Gozag.
  2071 | D:3      | Found a faded altar of an unknown god.
  2072 | D:3      | Found a faded altar of an unknown god.
  2668 | D:3      | Found a sacrificial altar of Ru.
  2777 | D:4      | Found an ancient bone altar of Kikubaaqudgha.
  2798 | D:4      | Learned a level 1 spell: Apportation
  2822 | D:4      | Noticed a phantom
  2927 | D:4      | Killed a phantom
  2927 | D:4      | Reached skill level 5 in Maces & Flails
  2927 | D:4      | Reached XP level 6. HP: 21/37 MP: 6/6
  3440 | D:4      | Noticed Natasha
  3446 | D:4      | Killed Natasha
  3679 | D:4      | Noticed Natasha
  3688 | D:4      | Killed Natasha
  3688 | D:4      | Reached skill level 6 in Maces & Flails
  3688 | D:4      | Reached skill level 5 in Shields
  3977 | D:4      | Noticed Natasha
  3982 | D:4      | Killed Natasha
  3990 | D:5      | Entered Level 5 of the Dungeon
  4032 | D:5      | Reached XP level 7. HP: 29/41 MP: 7/7
  4582 | D:5      | Found a snail-covered altar of Cheibriados.
  4584 | D:5      | Found a radiant altar of Vehumet.
  4592 | D:5      | Found a bloodstained altar of Trog.
  4672 | D:6      | Reached skill level 7 in Maces & Flails
  5132 | D:6      | Reached XP level 8. HP: 38/46 MP: 8/8
  5209 | D:6      | Found an opulent altar of Gozag.
  5245 | D:6      | Got a jewelled ring mail
  5256 | D:6      | Identified the +4 ring mail "Hoaph" {rC- rN+ Str+3 SInv} (You found it on level 6 of the Dungeon)
  5266 | D:6      | Reached skill level 8 in Maces & Flails
  5286 | D:6      | Became a worshipper of Gozag Ym Sagoz the Greedy
  5312 | D:6      | Got a polished rapier
  5354 | D:7      | Noticed a two-headed ogre
  5382 | D:7      | Killed a two-headed ogre
  5382 | D:7      | Reached skill level 9 in Maces & Flails
  5591 | D:7      | Reached XP level 9. HP: 50/51 MP: 9/9
  5723 | D:7      | Found a staircase to the Ecumenical Temple.
  5732 | Temple   | Entered the Ecumenical Temple
  5896 | D:7      | Identified the +8 rapier of Xolik {freeze, Dex+6} (You found it on level 6 of the Dungeon)
  6014 | D:7      | Reached skill level 10 in Maces & Flails
  6183 | D:7      | Found a runed door.
  6187 | D:7      | Noticed Crazy Yiuf
  6193 | D:7      | Killed Crazy Yiuf
  6663 | D:8      | Reached skill level 11 in Maces & Flails
  6810 | D:8      | Found a flagged portal.
  6832 | Bailey   | Entered a bailey
  7098 | Bailey   | Found an iron altar of Okawaru.
  7098 | Bailey   | Noticed an orc high priest
  7098 | Bailey   | Noticed an orc sorcerer
  7102 | Bailey   | Paralysed by an orc sorcerer for 5 turns
  7104 | Bailey   | Noticed a rust devil
  7104 | Bailey   | Noticed a hellwing
  7106 | Bailey   | Noticed an ice devil
  7112 | Bailey   | Noticed a sun demon
  7128 | Bailey   | Noticed a sun demon
  7360 | D:8      | Noticed a hornet
  7360 | D:8      | Noticed a hornet
  7367 | D:8      | Killed a hornet
  7367 | D:8      | Reached XP level 10. HP: 56/56 MP: 10/10
  7547 | D:8      | Noticed a two-headed ogre
  7567 | D:8      | Killed a two-headed ogre
  7567 | D:8      | Reached skill level 12 in Maces & Flails
  7604 | D:8      | Reached skill level 10 in Shields
  7853 | D:9      | Noticed Gastronok
  7873 | D:9      | Killed Gastronok
  7873 | D:9      | Reached skill level 13 in Maces & Flails
  7873 | D:9      | Reached XP level 11. HP: 3/60 MP: 11/11
  8417 | D:9      | Noticed a six-headed hydra
  8432 | D:9      | Killed a six-headed hydra
  8734 | D:9      | Found a transporter.
  8737 | D:9      | Found a shadowy altar of Dithmenos.
  8738 | D:9      | Found a transporter.
  8738 | D:9      | Noticed a stone giant
  8739 | D:9      | Found a deep blue altar of Sif Muna.
  9088 | D:9      | Bought an encrusted whip for 217 gold pieces
  9088 | D:9      | Identified the +2 whip of Hacoym Gusy {flame, rF+} (You bought it in a shop on level 9 of the Dungeon)
  9093 | D:10     | Entered Level 10 of the Dungeon
  9093 | D:10     | Noticed Grum
  9097 | D:10     | Killed Grum
  9261 | D:10     | Noticed a two-headed ogre
  9268 | D:10     | Killed a two-headed ogre
  9268 | D:10     | Reached skill level 14 in Maces & Flails
  9364 | D:10     | Noticed Ordine's ghost (novice DDFi)
  9376 | D:10     | Killed Ordine's ghost
  9390 | D:10     | Noticed a purple ugly thing
  9403 | D:10     | Killed a purple ugly thing
  9403 | D:10     | Reached skill level 1 in Translocations
  9403 | D:10     | Reached skill level 1 in Evocations
  9448 | D:10     | Noticed a two-headed ogre
  9454 | D:10     | Killed a two-headed ogre
  9454 | D:10     | Reached skill level 1 in Dodging
  9639 | D:10     | Noticed Urug
  9669 | D:10     | Killed Urug
  9747 | D:10     | Found Fomos's Gadget Emporium.
  9901 | D:11     | Noticed Erica
 10183 | D:11     | Killed Erica
 10183 | D:11     | Reached XP level 12. HP: 67/67 MP: 13/13
 10340 | D:11     | Found a staircase to the Lair.
 10408 | D:11     | Noticed Harold
 10423 | D:11     | Killed Harold
 10502 | D:11     | Noticed MirrMurr's ghost (journeyman HOFi)
 10548 | D:11     | Killed MirrMurr's ghost
 10548 | D:11     | Reached skill level 5 in Fighting
 10770 | D:11     | Got a faintly glowing leather armour
 10781 | D:11     | Identified the +0 leather armour of Sin {-Cast Dex+9 Slay+5} (You took it off an orc on level 11 of the Dungeon)
 10801 | Lair:1   | Entered Level 1 of the Lair of Beasts
 10860 | Lair:1   | Noticed a four-headed hydra
 10867 | Lair:1   | Killed a four-headed hydra
 10867 | Lair:1   | Reached skill level 5 in Armour
 11589 | Lair:1   | Bought a runed cloak for 202 gold pieces
 11782 | Lair:2   | Noticed a five-headed hydra
 11790 | Lair:2   | Killed a five-headed hydra
 12713 | Lair:2   | Found a staircase to the Swamp.
 12878 | Lair:2   | Reached skill level 15 in Maces & Flails
 13036 | Lair:1   | Bought a pair of runed boots for 202 gold pieces
 13205 | Lair:3   | Reached XP level 13. HP: 70/74 MP: 15/15
 13341 | Lair:3   | Found a staircase to the Snake Pit.
 15482 | Lair:5   | Reached skill level 5 in Evocations
 15867 | Lair:6   | Entered Level 6 of the Lair of Beasts
 16208 | Lair:6   | Reached skill level 5 in Translocations
 16461 | Lair:6   | Found a staircase to the Slime Pits.
 16480 | Lair:6   | Gained mutation: Your large and strong wings let you fly indefinitely. [Gargoyle growth]
 16480 | Lair:6   | Reached XP level 14. HP: 48/82 MP: 7/18
 17365 | Lair:6   | Found a snail-covered altar of Cheibriados.
 17460 | Lair:6   | Reached skill level 16 in Maces & Flails
 17561 | Lair:5   | Got a shimmering leather armour
 17606 | Lair:5   | Identified the cursed +1 leather armour "Oterizaf" {rElec rPois Dex-2 SInv} (You found it on level 5 of the Lair of Beasts)
 17803 | Lair:5   | Reached skill level 5 in Dodging
 19038 | Lair:1   | Bought a +0 cloak of invisibility for 184 gold pieces
 19049 | Lair:1   | Bought a scorched plate armour for 756 gold pieces
 19059 | Lair:1   | Identified the +8 plate armour "Yjopeme" {rElec rPois rC- MR+} (You bought it in a shop on level 1 of the Lair of Beasts)
 19070 | Lair:1   | Bought a glowing cloak for 202 gold pieces
 19337 | D:12     | Found a staircase to the Orcish Mines.
 19662 | D:12     | Reached XP level 15. HP: 89/89 MP: 20/20
 20098 | D:13     | Noticed Nessos
 20632 | D:13     | Killed Nessos
 21055 | D:14     | Found a gate to the Vaults.
 21089 | D:14     | Found Onaujim's Weapon Emporium.
 21818 | D:15     | Entered Level 15 of the Dungeon
 22231 | D:15     | Noticed Sonja
 22253 | D:15     | Killed Sonja
 22720 | D:15     | Noticed an angel
 22722 | D:15     | Found a glowing golden altar of the Shining One.
 22790 | D:15     | Found a staircase to the Depths.
 23161 | D:15     | Noticed Azrael
 23186 | D:15     | Killed Azrael
 23186 | D:15     | Reached skill level 15 in Shields
 23338 | D:15     | Reached skill level 10 in Fighting
 23437 | D:15     | Reached skill level 10 in Armour
 23551 | D:15     | Found a runed door.
 23701 | Lair:1   | Bought an ancient plate armour for 756 gold pieces
 23712 | Lair:1   | Identified the +12 plate armour of Recklessness {rElec rF+ MP+9} (You bought it in a shop on level 1 of the Lair of Beasts)
 23715 | Lair:1   | Bought a polished scale mail for 243 gold pieces
 23725 | Lair:1   | Identified the +6 scale mail of Winter {rC+ Int+4} (You bought it in a shop on level 1 of the Lair of Beasts)
 23801 | Orc:1    | Entered Level 1 of the Orcish Mines
 23817 | Orc:1    | Found a bloodstained altar of Trog.
 24174 | Orc:2    | Entered Level 2 of the Orcish Mines
 24192 | Orc:2    | Found Huawekor's Jewellery Emporium.
 24310 | Orc:1    | Reached XP level 16. HP: 90/97 MP: 22/22
 24661 | Orc:2    | Found a frozen archway.
 24677 | IceCv    | Entered an ice cave
 25713 | Orc:2    | Found Somaqasm's Antique Armour Shoppe.
 26351 | Orc:2    | Bought the ring "Deagir" {rC+++ MR+++ Str-4 Stlth+} for 747 gold pieces
 26351 | Orc:2    | Bought an uncursed amulet of guardian spirit for 360 gold pieces
 26665 | Orc:2    | Found Ziunug's General Store.
 26939 | Orc:2    | Found Toon's Antique Weapon Emporium.
 26947 | Orc:2    | Bought a glowing morningstar for 280 gold pieces
 27025 | Orc:2    | Found a staircase to the Elven Halls.
 27522 | Swamp:1  | Entered Level 1 of the Swamp
 28169 | Swamp:1  | Noticed Roxanne
 28210 | Swamp:1  | HP: 4/101 [Roxanne/crystal spear (47)]
 28218 | Swamp:1  | Killed from afar by Roxanne

Vault maps used:
D:1:      shiori_shiawase, minmay_splitting_lines
D:2:      uniq_robin
D:3:      lemuel_coloured_pillars_altar, chequers_temple_overflow_minitemple,
          first_bread, minmay_cupped
D:4:      kiku_gazebo_garden_becter, hangedman_decor_clover_reticule,
          uniq_natasha
D:5:      grunt_temple_overflow_open
D:6:      grunt_gozag_statues
D:7:      temple_fountains, uniq_crazy_yiuf_cottage
D:8:      enter_bailey_2, hangedman_pestilent_swarm
D:9:      gammafunk_temple_overflow_arena, grunt_decor_arrowhead, uniq_gastronok
D:10:     serial_shops, shop, uniq_grum, uniq_urug
D:11:     lair_entry_dummy, serial_glass, glass_columns_a, glass_columns_c,
          glass_columns_b, glass_columns_b, glass_columns_a, uniq_harold,
          uniq_erica
D:12:     hiddenorc2_lemuel
D:13:     hangedman_abyss_or_decor_stagger, uniq_nessos
D:14:     kennysheep_blocky_hall, erik_vaults_1, kennysheep_small_spiral,
          serial_shops, shop_fountains
D:15:     grunt_enter_depths_magical_seal, minmay_misc_feat_secret_circle,
          nicolae_two_hexagons, lemuel_angel_altar, uniq_azrael, uniq_sonja
Temple:   hc_temple_tempest_star
Lair:1:   hibernation_bobbens
Lair:2:   nicolae_swamp_entry_splash_gauntlet, lemuel_fruit_fields
Lair:3:   minmay_snake_entry_guardpost_medium
Lair:5:   kennysheep_catoblepas_arena, grunt_megastairs_4
Lair:6:   grunt_lair_end_beastmaster, minmay_slime_entry_eyes,
          nicolae_quartered_pool_medium, kennysheep_snail_temple
Swamp:1:  infiniplex_staircase_pool, roderic_carrion_pond, uniq_roxanne
Orc:1:    bloody_trog
Orc:2:    grunt_orc_gardens, grunt_orc_garden, grunt_orc_garden,
          grunt_orc_garden, grunt_orc_garden, portal_ice_cave_rime
Bailey:   bailey_axe_of_yendor_kennysheep, bailey
IceCv:    ice_cave_small_dragons

Skill      XL: |  1  2  3  4  5  6  7  8  9 10 11 12 13 14 15 16 |
---------------+-------------------------------------------------+-----
Maces & Flails | 3 4 5 6 7 9 11 13 14 15 16 | 16.0
Shields        | 4 5 6 7 9 10 11 12 13 15 | 15.0
Translocations | 2 3 5 6 |  6.0
Evocations     | 2 3 5 6 8 |  8.8
Dodging        | 1 3 4 5 6 7 |  7.8
Fighting       | 4 5 7 8 10 11 | 11.8
Armour         | 4 5 7 8 10 | 10.9

Action                   |  1- 3 |  4- 6 |  7- 9 | 10-12 | 13-15 | 16-18 || total
-------------------------+-------+-------+-------+-------+-------+-------++-------
Melee: Flail             |    28 |       |       |       |       |       ||    28
       Whip              |    62 |   234 |   158 |       |       |       ||   454
       Morningstar       |       |       |   179 |   624 |  1391 |   812 ||  3006
Invok: Potion Petition   |       |       |       |     1 |       |     3 ||     4
       Call Merchant     |       |       |       |     2 |     2 |       ||     4
 Abil: Fly               |       |       |       |       |     1 |       ||     1
Evoke: Wand              |       |       |       |     1 |       |       ||     1
  Use: Scroll            |     4 |     7 |     8 |    10 |     7 |     2 ||    38
       Potion            |       |       |     3 |     6 |     2 |     1 ||    12
 Stab: Distracted        |     1 |       |       |     2 |    17 |     2 ||    22
       Sleeping          |       |       |       |     1 |     5 |       ||     6
  Eat: Chunk             |     2 |     8 |     3 |       |       |       ||    13
       Bread ration      |       |       |     1 |     1 |     2 |     1 ||     5
       Meat ration       |       |       |     1 |     2 |     2 |     2 ||     7
       Royal jelly       |       |       |       |     1 |       |       ||     1
       Fruit             |       |       |       |     4 |    25 |       ||    29
Armor: Scale mail        |    44 |    78 |    24 |       |       |       ||   146
       Ring mail         |       |       |   115 |   147 |       |       ||   262
       Leather armour    |       |       |       |    27 |   415 |       ||   442
       Skin              |       |       |       |    16 |     7 |       ||    23
       Plate armour      |       |       |       |       |    12 |   390 ||   402
Dodge: Dodged            |    20 |    50 |   113 |   132 |   473 |   231 ||  1019
Block: Shield            |    41 |    72 |   202 |   312 |   805 |   475 ||  1907
